 Dungeon Crawl Stone Soup version 0.27-a0-1219-g958d993ae5 (webtiles) character file.

Game seed: 15882955442886941399

86 sanka the Charlatan (level 4, 0/35 HPs)
             Began as a Djinni Artificer on June 6, 2021.
             Slain by an orc wizard
             ... wielding a +0 dagger
              (2 damage)
             ... on level 4 of the Dungeon.
             The game lasted 00:03:56 (3439 turns).

sanka the Charlatan (Djinni Artificer)              Turns: 3439, Time: 00:03:56

Health: 0/35       AC:  3    Str: 11    XL:     4   Next: 77%
Gold:   75         EV: 15    Int: 14    God:
                   SH:  0    Dex: 13

rFire    + + .     SeeInvis .   a - +0 dagger (venom)
rCold    x . .     Faith    .   (no shield)
rNeg     . . .     Spirit   .   p - +0 leather armour
rPois    ∞         Reflect  .   (no helmet)
rElec    .         Harm     .   (no cloak)
rCorr    .         Rampage  .   (no gloves)
Will     .....                  (boots unavailable)
Stlth    +.........             (no amulet)
HPRegen  0.11/turn              (no ring)
MPRegen  0.00/turn              g - +4 ring of evasion

@: brilliant, flying
A: sickness immunity, fire resistance 2, cold vulnerability 1, float, innate
caster, hp casting, extra vitality 1
a: no special abilities


You were on level 4 of the Dungeon.
You visited 1 branch of the dungeon, and saw 4 of its levels.

You collected 75 gold pieces.


Innate Abilities, Weirdness & Mutations

You are immune to sickness and miasma.
You are immune to poison.
Your flesh is very heat resistant. (rF++)
You are vulnerable to cold. (rC-)
You float through the air rather than walking.
You learn spells naturally, not from books.
Your magical power is your life essence.
You have superior vitality. (+4 HP)


   Skills:
 - Level 3.0 Fighting
 - Level 1.0 Armour
 - Level 2.1 Dodging
 - Level 0.7 Stealth
 + Level 2.0 Spellcasting
 - Level 3.0 Evocations


You had 6 spell levels left.
You knew the following spells:

 Your Spells              Type           Power      Damage    Failure   Level
z - Freeze                Ice            40%        1d6       14%         1
Your spell library was empty.

Inventory:

Hand Weapons
 a - a +0 dagger of venom (weapon)
 b - a +0 trident
Missiles
 m - 7 javelins
Armour
 p - a +0 leather armour (worn)
Jewellery
 g - a +4 ring of evasion (right hand)
Wands
 c - a wand of flame (15) (quivered)
 d - a wand of charming (15)
Scrolls
 f - 2 scrolls of summoning
 h - a scroll of amnesia {unknown}
 l - 2 scrolls of identify {@r1}
 o - a scroll of holy word {unknown}
Potions
 i - a potion of heal wounds {unknown}
 j - a potion of mutation {unknown}
 k - a potion of degeneration {unknown}
 n - a potion of brilliance
Miscellaneous
 e - a piece from Xom's chessboard (15/15)

Dungeon Overview and Level Annotations

Branches:
Dungeon (3/15)

Altars:

Shops:
D:3

= ▒..........
▒..........
▒.........
▒▒▒▒▒▒▒▒.......▒
▒..............▒...
▒..............▒..o
▒..............▒.o▒
▒..............▒..▒▒
▒▒▒▒▒▒+▒.....KR▒...
▒...(.o{▒..
+.....h.▒'▒▒
▒.......▒..▒▒
...........o...▒
............▒..>▒
............▒..▒▒
............▒..▒
............▒...


You could see a hound, 2 orc priests and a kobold.


Message History

Something hits you.
* * * LOW HITPOINT WARNING * * *
The hound barks!
The orc priest shouts!
You hit something.
You hear a shout!
The kobold hits you with a +0 whip.
* * * LOW HITPOINT WARNING * * *
Something hits you.
* * * LOW HITPOINT WARNING * * *
You hit something. The kobold closely misses you.
Something hits you but does no damage.
Unknown command.
It was a potion of brilliance.
You feel clever all of a sudden. The kobold hits you with a +0 whip.
* * * LOW HITPOINT WARNING * * *
Something hits you.
* * * LOW HITPOINT WARNING * * *
Unknown command.
Okay, then.
As you read the scroll labelled SAL BYXTIF, it crumbles to dust.
It is a scroll of identify.
f - 2 scrolls of summoning The kobold hits you with a +0 whip.
* * * LOW HITPOINT WARNING * * *
An orc priest comes into view. It is wielding a +0 dagger.
Something hits you.
You die...

Action                   |  1- 3 |  4- 6 || total
-------------------------+-------+-------++-------
Melee: Club              |    54 |       ||    54
       Short sword       |   115 |       ||   115
       Dagger            |       |    47 ||    47
       Trident           |       |     3 ||     3
  Use: Scroll            |       |     1 ||     1
       Potion            |       |     1 ||     1
 Stab: Sleeping          |     4 |     1 ||     5
Armor: Leather armour    |    34 |    10 ||    44
Dodge: Dodged            |   143 |    36 ||   179

Levels and vault maps discovered:
D:1:      dpeg_arrival_subterranean_lakeside_camping, layout_loops_corners,
          hex_large, chequers_decorated_corner, minmay_rat_gold_closets
D:2:      layout_loops_ring
D:3:      layout_loops_corners, serial_shops, nicolae_shop_trees
D:4:      layout_gridville, kennysheep_mini_moat, serial_shops, shop,
          uniq_natasha

Notes
Turn   | Place    | Note
-------+----------+-------------------------------------------
     0 | D:1      | sanka the Djinni Artificer began the quest for the Orb.
     0 | D:1      | Reached XP level 1. HP: 17/17 MP: 0/0
   515 | D:1      | Reached skill level 2 in Fighting
   515 | D:1      | Reached XP level 2. HP: 18/23 MP: 0/0
  1178 | D:1      | Reached XP level 3. HP: 29/29 MP: 0/0
  1178 | D:1      | Learned a level 1 spell: Freeze
  1977 | D:2      | Reached skill level 3 in Fighting
  2305 | D:2      | Reached skill level 1 in Spellcasting
  2539 | D:2      | Reached XP level 4. HP: 27/35 MP: 0/0
  3075 | D:3      | Found Umpet's Jewellery Emporium.
  3343 | D:3      | You are sucked into a shaft and drop 1 floor!
  3428 | D:4      | Reached skill level 2 in Spellcasting
  3439 | D:4      | HP: 2/35 [kobold/+0 whip (4)]
  3439 | D:4      | Slain by an orc wizard

Vanquished Creatures
  2 adders
  An ufetubus (D:4)
  A worm (D:3)
  2 dart slugs
  An orc (D:4)
  6 ball pythons
  2 endoplasms
  3 giant cockroaches
  9 goblins
  3 hobgoblins
  2 kobolds
  A quokka (D:1)
  7 bats
  4 frilled lizards
  13 rats (D:1)
57 creatures vanquished.
